 Dungeon Crawl Stone Soup version 0.30.1-4-g462c640d31 (webtiles) character file.

Game seed: 2693468837557186929

104 Kurtz the Chopper (level 4, 0/29 HPs)
             Began as a Tengu Fighter on Sept 18, 2023.
             Slain by an orc
             ... wielding a +3 flail
              (5 damage)
             ... on level 3 of the Dungeon.
             The game lasted 00:01:33 (1403 turns).

Kurtz the Chopper (Tengu Fighter)                   Turns: 1403, Time: 00:01:34

Health: 0/29       AC:  9    Str: 19    XL:     4   Next: 80%
Magic:  5/5        EV: 14    Int:  8    God:
Gold:   87         SH:  4    Dex: 13    Spells: 3/3 levels left

rFire   . . .        a - +0 war axe
rCold   . . .        c - +0 buckler
rNeg    . . .        b - +0 scale mail
rPois   .            (helmet restricted)
rElec   .            j - +1 cloak
rCorr   .            (no gloves)
SInv    .            (boots unavailable)
Will    .....        (no amulet) Stlth
                     h - +5 ring of evasion
HPRegen 0.24/turn    (no ring)
MPRegen 0.09/turn

%: no passive effects
@: no status effects
A: beak, talons 3
a: no special abilities


You were on level 3 of the Dungeon.
You visited 1 branch of the dungeon, and saw 3 of its levels.

You collected 87 gold pieces.

Inventory:

Hand Weapons
 a - a +0 war axe (weapon)
Missiles
 g - 11 poisoned darts (quivered)
Armour
 b - a +0 scale mail (worn)
 c - a +0 buckler (worn)
 j - a +1 cloak (worn)
Jewellery
 h - a +5 ring of evasion (left hand)
Wands
 l - a wand of polymorph (9)
Scrolls
 e - a scroll of identify {unknown}
 f - 2 scrolls of teleportation {unknown}
 i - a scroll of fear {unknown}
 k - a scroll of enchant weapon {unknown}
 o - a scroll of fog {unknown}
 p - a scroll of acquirement {unknown}
 q - a scroll of poison {unknown}
Potions
 d - 2 potions of might
 m - a potion of ambrosia {unknown}
 n - a potion of degeneration {unknown}


   Skills:
 + Level 3.7 Fighting
 * Level 4.6 Axes
 - Level 3.2 Armour
 - Level 3.0 Shields


You had 3 spell levels left.
You didn't know any spells.
Your spell library contained the following spells:

 Spells                   Type           Power      Damage    Failure   Level
 Portal Projectile        Hex/Tloc       0%         N/A       99%         3
 Tukima's Dance           Hex            0%         N/A       99%         3
 Blade Hands              Tmut           0%         N/A       100%        5


Dungeon Overview and Level Annotations

Branches:
Dungeon (3/15)

Altars:


Innate Abilities, Weirdness & Mutations

You have a beak for a mouth.
You have claws for feet.


Message History

No target in view!
No target in view!
p - a scroll labelled NACHOW ANIXTU
q - a scroll labelled ZEYVEUTWUT An orc priest comes into view.
It is wielding a +0 hand axe.
Found a mace.
An orc comes into view. It is wielding a +0 trident.
The orc shouts!
You hear a shout! x2
An orc comes into view. It is wielding a +0 club.
The orc priest hits you with a +0 hand axe.
An orc comes into view. It is wielding a +3 flail.
You closely miss the orc priest. You block the orc priest's attack.
You slash the orc priest! Your kick misses the orc priest.
The orc priest is almost dead.
The orc priest barely misses you.
You completely miss the orc priest.
The orc priest is almost dead.
You block the orc's attack.
The orc priest invokes the aid of Beogh against you.
Pain shoots through your body! The orc priest misses you.
You hit the orc priest.
You kill the orc priest!
You slash the orc!
You kill the orc!
The orc hits you from afar with a +0 trident.
You hit the orc but do no damage. The orc hits you with a +3 flail.
The orc misses you. The orc hits you but does no damage. x2
You are too injured to fight recklessly!
You are too injured to fight recklessly!
You are too injured to fight recklessly!
You are too injured to fight recklessly!
You are too injured to fight recklessly!
Unknown command.
You hit the orc. You peck the orc, but do no damage.
The orc is moderately wounded.
The orc hits you with a +3 flail!
* * * LOW HITPOINT WARNING * * *
The orc misses you. The orc attacks as you move away!
The orc hits you with a +3 flail.
You die...

#.# #.# #.# ..#
#.# #.# #.# #.#
#.# #.# #.# # #)#
#.#
#####.##|######.#
.....oo@........#
.......######.###
.####.. #.# #..
#.# ... #.# ###.
#.# #. #.# #. #.#
#.#


You could see 2 orcs.

Vanquished Creatures
  An orc priest (D:3)
  2 adders (D:2)
  A worm (D:2)
  A dart slug (D:1)
  2 orcs (D:3)
  3 ball pythons
  5 bats
  8 endoplasms
  2 giant cockroaches (D:1)
  3 goblins
  6 hobgoblins
  2 frilled lizards (D:1)
  7 kobolds
  2 rats (D:1)
45 creatures vanquished.

Notes
Turn   | Place    | Note
-------+----------+-------------------------------------------
     0 | D:1      | Kurtz the Tengu Fighter began the quest for the Orb.
     0 | D:1      | Reached XP level 1. HP: 14/14 MP: 2/2
   107 | D:1      | Reached XP level 2. HP: 18/19 MP: 3/3
   365 | D:1      | Reached skill level 3 in Axes
   389 | D:1      | Reached XP level 3. HP: 23/23 MP: 4/4
   865 | D:2      | Reached skill level 4 in Axes
   865 | D:2      | Reached XP level 4. HP: 20/29 MP: 5/5
   869 | D:2      | Identified the +1 robe "Diown" {Dex+5}
  1113 | D:2      | Found a faded altar of an unknown god.
  1403 | D:3      | Slain by an orc

Illustrated notes

Levels and vault maps discovered:
D:1:      evilmike_arrival_grusome_pit, layout_loops_ring, serial_bayou_pond_d
D:2:      layout_rooms, shapermc_ecumenical_altar_mp_vishouse,
          minmay_stone_trees_large
D:3:      layout_loops_ring, mainiacjoe_overflow_catwalk_spiral, uniq_ijyb,
          uniq_natasha

Skill      XL: |  1  2  3 |
---------------+----------+-----
Axes           | 3 4 |  4.6
Fighting       | |  3.7
Armour         | |  3.2
Shields        | |  3.0

Action                     |  1- 3 |  4- 6 || total
---------------------------+-------+-------++-------
  Melee: War axe           |    91 |    22 ||   113
         Kick              |    18 |     2 ||    20
         Peck              |     5 |     3 ||     8
 Armour: Scale mail        |    30 |     6 ||    36
  Dodge: Dodged            |    55 |    10 ||    65
  Block: Buckler           |    23 |     5 ||    28
